 Dungeon Crawl Stone Soup version 0.29.1-14-g9c671dbff4 (webtiles) character file.

Game seed: 8673879001240517057

135 booth the Chiller (level 4, -2/33 HPs)
             Began as a Demigod Ice Elementalist on Feb 12, 2023.
             Killed from afar by a white imp (10 damage)
             ... with a puff of frost
             ... on level 3 of the Dungeon.
             The game lasted 00:29:00 (3394 turns).

booth the Chiller (Demigod Ice Elementalist)        Turns: 3394, Time: 00:29:01

Health: -2/33      AC:  6    Str:  9    XL:     4   Next: 66%
Magic:  8/10       EV: 12    Int: 27    God:
Gold:   118        SH:  0    Dex: 14    Spells: 2/8 levels left

rFire   . . .      SeeInvis .   d - +3 short sword
rCold   . . .      Faith    .   (no shield)
rNeg    . . .      Spirit   .   a - +0 robe
rPois   .          Reflect  .   r - +1 helmet of Charity {Rampage Int+6}
rElec   .          Harm     .   u - +0 cloak
rCorr   .          Rampage  +   c - +0 pair of gloves
Will    +....                   (no boots)
Stlth   ++........              (no amulet)
HPRegen 0.11/turn               f - ring of willpower
MPRegen 0.12/turn               (no ring)

@: no status effects
A: high MP 1, forlorn, divine attributes
a: no special abilities


You were on level 3 of the Dungeon.
You visited 1 branch of the dungeon, and saw 3 of its levels.

You collected 164 gold pieces.
You spent 46 gold pieces at shops.

Inventory:

Hand Weapons
 d - a +3 short sword (weapon)
 e - a +0 mace
Missiles
 k - 5 boomerangs (quivered)
 m - 4 curare-tipped darts
 t - 4 poisoned darts
Armour
 a - a +0 robe (worn)
 c - a +0 pair of gloves (worn)
 g - a +0 leather armour
 r - the +1 helmet of Charity (worn) {Rampage Int+6}
   (You took it off Robin on level 2 of the Dungeon)

   Int:       It affects your intelligence (+6).
   Rampage:   It bestows one free step when moving towards enemies.
 u - a +0 cloak (worn)
Jewellery
 f - a ring of willpower (left hand)
 j - an amulet of guardian spirit
Scrolls
 h - 3 scrolls of teleportation
 o - 2 scrolls of blinking {unknown}
 s - a scroll of enchant armour {unknown}
 w - a scroll of torment {unknown}
Potions
 b - a potion of magic
 i - 2 potions of mutation
 l - 2 potions of curing
 n - a potion of heal wounds {unknown}
 p - a potion of might {unknown}
 q - 2 potions of berserk rage {unknown}
 v - 2 potions of cancellation {unknown}


   Skills:
 + Level 2.7 Dodging
 + Level 3.0 Stealth
 + Level 2.6 Spellcasting
 + Level 4.2 Ice Magic


You had 2 spell levels left.
You knew the following spells:

 Your Spells              Type           Power      Damage    Failure   Level
a - Freeze                Ice            100%       1d11      1%          1
b - Static Discharge      Conj/Air       3%         3-4/arc   14%         2
c - Frozen Ramparts       Ice            52%        1d8       4%          3

Your spell library contained the following spells:

 Spells                   Type           Power      Damage    Failure   Level
 Ozocubu's Armour         Ice            26%        N/A       4%          3
 Hailstorm                Conj/Ice       14%        3d5       36%         4
 Dispel Undead            Necr           3%         3d7       67%         4
 Sticky Flame             Conj/Fire      3%         2d3       67%         4


Dungeon Overview and Level Annotations

Branches:
Dungeon (3/15)

Shops:
D:2 *


Innate Abilities, Weirdness & Mutations

You have an increased reservoir of magic. (+10% MP)
You shall have no god before yourself.
Your divine heritage dramatically boosts your attributes as you level up.


Message History

You see here a +0 club.
You open the door.
Found a stone staircase leading down.
A white imp comes into view.
There is an open door here.
You rampage towards the white imp!
You rampage towards the white imp!
The white imp barely misses you.
You hit the white imp.
The white imp is heavily wounded.
The white imp gestures at you. The puff of frost hits you!
Casting: Freeze (safe; 1% risk of failure)
Confirm with . or Enter, or press ? or * to list all spells.
Aiming: Freeze (safe; 1% risk of failure)
Press: ? - help, Shift-Dir - straight line, f - white imp
Aim: a white imp (heavily wounded)
You freeze the white imp.
The white imp resists.
The white imp is heavily wounded.
The white imp gestures at you. The puff of frost misses you.
You closely miss the white imp.
The white imp is heavily wounded.
The white imp misses you.
You hit the white imp but do no damage.
The white imp is heavily wounded.
The white imp hits you. The white imp freezes you.
The white imp gestures at you. The puff of frost hits you!
* * * LOW HITPOINT WARNING * * *
Casting: Freeze (safe; 1% risk of failure)
Confirm with . or Enter, or press ? or * to list all spells.
Aiming: Freeze (safe; 1% risk of failure)
Press: ? - help, Shift-Dir - straight line, f/p - white imp
Aim: a white imp (heavily wounded)
You freeze the white imp but do no damage.
The white imp completely resists.
The white imp shouts, "Away with thee, thou grime-gilt folly-fallen varlet!"
The white imp gestures at you. The puff of frost hits you!
You die...

#.......##......# #...#
#...##########.## #.### #.### #.#
#.# #.# ##+## #.# #[# ##...## #.#
##.##########.....## #.#
..†................## ##)##
##.#...####.........####...######
#........+....5@...'............
#.#...####.........####...######
#......# #........## ##.##
####...# #.#.....## #.#
#####...###.##.>.## #.#
†...........###+## #.#
#######.##### #.# #.# #.# #.# #.#
#.# ##.## #.#


You could see a white imp.

Vanquished Creatures
  Crazy Yiuf (D:2)
  Robin (D:2)
  2 adders (D:3)
  2 worms (D:2)
  5 dart slugs
  An orc (D:3)
  6 endoplasms
  2 giant cockroaches
  7 goblins
  9 hobgoblins
  2 jackals (D:2)
  3 kobolds
  A quokka (D:1)
  3 ball pythons
  6 bats
  3 frilled lizards
  6 rats
60 creatures vanquished.

Notes
Turn   | Place    | Note
-------+----------+-------------------------------------------
     0 | D:1      | booth the Demigod Ice Elementalist began the quest for the
                  | Orb.
     0 | D:1      | Reached XP level 1. HP: 14/14 MP: 5/5
   752 | D:1      | Reached XP level 2. HP: 20/20 MP: 5/7
   758 | D:1      | Learned a level 2 spell: Static Discharge
  1283 | D:2      | Identified the +1 helmet of Charity {Rampage Int+6}
  1283 | D:2      | Noticed Robin
  1621 | D:2      | Reached XP level 3. HP: 26/26 MP: 5/8
  1741 | D:2      | Learned a level 3 spell: Frozen Ramparts
  1791 | D:2      | Killed Robin
  1941 | D:2      | Reached skill level 4 in Ice Magic
  2018 | D:2      | Found Plog's Assorted Antiques.
  2022 | D:2      | Bought a scroll of identify for 46 gold pieces
  2348 | D:2      | Found a runed translucent door.
  2349 | D:2      | Noticed Crazy Yiuf
  2357 | D:2      | Killed Crazy Yiuf
  2358 | D:2      | Reached XP level 4. HP: 16/33 MP: 7/10
  3394 | D:3      | Killed from afar by a white imp

Illustrated notes

Levels and vault maps discovered:
D:1:      ebering_trefoil_twist, layout_basic, shapermc_ecumenical_altar_venn,
          amethyst_killhole
D:2:      layout_loops_ring, serial_shops, nicolae_square_shop, uniq_robin,
          uniq_crazy_yiuf_cottage
D:3:      layout_loops_corners, chequers_temple_overflow_statue_of_worship,
          nicolae_elevator_lobby_asterisk

Skill      XL: |  1  2  3  4 |
---------------+-------------+-----
Dodging        | 2 |  2.7
Stealth        | 2 3 |  3.0
Spellcasting   | 2 |  2.6
Ice Magic      | 4 |  4.2

Action                   |  1- 3 |  4- 6 || total
-------------------------+-------+-------++-------
Melee: Short sword       |    44 |    18 ||    62
       Unarmed           |     3 |       ||     3
Throw: Boomerang         |    10 |     4 ||    14
       Dart              |       |     1 ||     1
 Cast: Freeze            |    50 |    15 ||    65
       Frozen Ramparts   |     1 |       ||     1
  Use: Scroll            |     6 |     1 ||     7
 Stab: Sleeping          |     5 |     3 ||     8
Armor: Robe              |    16 |     3 ||    19
Dodge: Dodged            |    48 |    14 ||    62
